 Dungeon Crawl Stone Soup version 0.21-a0-39-g28ea6b7 (console) character file.

648 nht the Cutter (level 7, -1/52 HPs)
             Began as a Vine Stalker Berserker on May 31, 2017.
             Was a Priest of Trog.
             Slain by an orc
             ... wielding a +0 short sword
              (4 damage)
             ... on level 5 of the Dungeon.
             The game lasted 00:04:16 (2706 turns).

nht the Cutter (Vine Stalker Berserker)             Turns: 2706, Time: 00:04:17

Health: -1/52      AC: -1    Str: 24    XL:     7   Next: 53%
Magic:  0/8        EV: 12    Int:  7    God:    Trog [***...]
Gold:   174        SH:  0    Dex: 16    Spells: 6/6 levels left

rFire    + . .     SeeInvis .   a - +0 short sword
rCold    . . .     Gourm    .   (no shield)
rNeg     . . .     Faith    .   f - +0 robe of Decompression {rPois rF+}
rPois    +         Spirit   +   (no helmet)
rElec    .         Reflect  .   (no cloak)
rCorr    .         Harm     .   (no gloves)
MR       .....                  (no boots)
Stlth    ..........             (no amulet)
Regen    0.6/turn               (no ring)
MPRegen  0.2/turn               (no ring)

@: berserking, lethally poisoned (-1 -> -2), corroded, very quick
A: fangs 2, regeneration 1, magic shield, antimagic bite, no potion heal 3, rot
immunity
a: Berserk, Trog's Hand, Burn Spellbooks, Renounce Religion


You were on level 5 of the Dungeon.
You worshipped Trog.
Trog was most pleased with you.
You were very hungry.

You visited 1 branch of the dungeon, and saw 5 of its levels.

You collected 174 gold pieces.

Inventory:

Hand Weapons
 a - a +0 short sword (weapon)
Missiles
 q - 7 javelins (quivered)
Armour
 f - the +0 robe of Decompression (worn) {rPois rF+}
   (You found it on level 4 of the Dungeon)

   It protects you from fire.
   It protects you from poison.
Wands
 b - a wand of confusion (31/48)
 s - a wand of flame (29/48)
Scrolls
 e - 3 scrolls of magic mapping
 g - 4 scrolls of identify {unknown}
 i - 3 scrolls of teleportation
 j - a scroll of fear {unknown}
 l - a scroll of amnesia {unknown}
 m - a scroll of recharging {unknown}
 r - a scroll of remove curse
Potions
 h - a potion of might {unknown}
 k - 2 potions of agility {unknown}
 n - 2 potions of curing {unknown}
 o - 3 potions of degeneration {unknown}
 p - a potion of haste {unknown}
 v - a potion of brilliance {unknown}
Comestibles
 c - 4 bread rations
 d - 5 meat rations
 t - 4 fruits
 u - 10 chunks of flesh


   Skills:
 - Level 2.8 Fighting
 + Level 7.6 Short Blades
 - Level 1.8 Armour
 - Level 1.6 Dodging


You had 6 spell levels left.
You didn't know any spells.

Dungeon Overview and Level Annotations

Branches:
Dungeon (5/15)
 Temple: D:4-7

Altars:
Okawaru

Annotations:
D:5 Eustachio


Innate Abilities, Weirdness & Mutations

You have extremely sharp teeth.
Your natural rate of healing is unusually fast.
When hurt, damage is shared between your health and your magic reserves.
Your bite disrupts and absorbs the magic of your enemies.
Potions cannot restore your health.
You are immune to rotting.


Message History

You are feeling very hungry.
You feel sick. The jelly completely misses you. The scorpion stings you!
The orc hits you with a short sword.
* * * LOW HITPOINT WARNING * * *
You puncture the scorpion!
You kill the scorpion!
Trog accepts your kill. The jelly hits you.
* * * LOW HITPOINT WARNING * * *
You are splashed with acid!
The acid burns!
* * * LOW HITPOINT WARNING * * *
You are too injured to fight recklessly!
You are too injured to fight recklessly!
You are too injured to fight recklessly!
You puncture the jelly! The acid corrodes you!
Your hands burn!
* * * LOW HITPOINT WARNING * * *
You bite the jelly, but do no damage.
The jelly is severely wounded.
The orc hits you with a short sword.
You die...

██...██ ██)..██ █..
██.....██ █...
██.......███ ██....
██...██.....██......
██..██████...........
█..██ ██..........
█.██ ██..ow..... █.█
█.@J.....█ █.█
█........█ █.█
█.........█ █.█
█.......... █.█
█........> █.█
█......... ███
█......███ ██.....██
██......██


You could see a worm, a jelly and an orc.

Vanquished Creatures
  The ghost of tilp the Cleaver, a novice GrFi of Okawaru (D:5)
  Blork the orc (D:4)
  A scorpion (D:5)
  An orc priest (D:5)
  An orc wizard (D:3)
  An iguana (D:4)
  3 worker ants
  5 adders
  2 oozes
  5 dart slugs
  5 orcs
  3 bats
  9 giant cockroaches
  11 goblins
  10 hobgoblins
  2 jackals (D:3)
  5 kobolds
  A quokka (D:3)
  6 frilled lizards
  4 rats
77 creatures vanquished.

Notes
Turn   | Place    | Note
-------+----------+-------------------------------------------
     0 | D:1      | nht the Vine Stalker Berserker began the quest for the Orb.
     0 | D:1      | Reached XP level 1. HP: 11/11 MP: 2/2
   134 | D:1      | Reached XP level 2. HP: 8/16 MP: 3/3
   220 | D:1      | Reached skill level 3 in Short Blades
   452 | D:1      | Reached ** piety under Trog
   564 | D:1      | Reached XP level 3. HP: 18/19 MP: 4/4
   663 | D:2      | Found an iron altar of Okawaru.
   955 | D:2      | Reached skill level 4 in Short Blades
  1002 | D:2      | Gained mutation: Your natural rate of healing is unusually fast. [Vine Stalker growth]
  1002 | D:2      | Reached XP level 4. HP: 15/23 MP: 5/5
  1336 | D:3      | Reached XP level 5. HP: 21/28 MP: 4/6
  1398 | D:3      | Reached *** piety under Trog
  1431 | D:3      | Reached skill level 5 in Short Blades
  1842 | D:4      | Noticed Blork the orc
  1851 | D:4      | Killed Blork the orc
  1851 | D:4      | Reached XP level 6. HP: 32/32 MP: 7/7
  1898 | D:4      | Reached skill level 6 in Short Blades
  2053 | D:4      | Got an opalescent robe
  2064 | D:4      | Identified the cursed +0 robe of Decompression {rPois rF+} (You found it on level 4 of the Dungeon)
  2464 | D:5      | Entered Level 5 of the Dungeon
  2464 | D:5      | Noticed Eustachio
  2534 | D:5      | Noticed tilp's ghost (novice GrFi)
  2546 | D:5      | Killed tilp's ghost
  2546 | D:5      | Reached skill level 7 in Short Blades
  2546 | D:5      | Reached XP level 7. HP: 33/35 MP: 5/8
  2706 | D:5      | Slain by an orc

Vault maps used:
D:1:      minmay_arrival_shoal_huts, grunt_decor_mini_mirrors, st_stairs_6
D:2:      lemuel_round_altar, first_bread
D:3:      hangedman_decor_points, corexii_hall_statues_l,
          kennysheep_generic_room_9
D:4:      uniq_blork_the_orc
D:5:      mrwooster_statue_mirror, uniq_eustachio

Skill      XL: |  1  2  3  4  5  6 |
---------------+-------------------+-----
Short Blades   | 3 4 5 7 |  7.6
Fighting       | |  2.8
Armour         | |  1.8
Dodging        | |  1.6

Action                   |  1- 3 |  4- 6 |  7- 9 || total
-------------------------+-------+-------+-------++-------
Melee: Short sword       |    92 |   125 |    30 ||   247
       Bite              |    28 |    36 |    12 ||    76
Invok: Berserk           |       |     4 |     2 ||     6
  Use: Scroll            |       |     3 |       ||     3
 Stab: Sleeping          |     3 |       |       ||     3
  Eat: Chunk             |       |     8 |     2 ||    10
Armor: Animal skin       |    13 |     7 |       ||    20
       Robe              |       |     4 |     4 ||     8
Dodge: Dodged            |    50 |    64 |    11 ||   125
